 Dungeon Crawl Stone Soup version 0.28-a0-1560-g060a6a1bfc (webtiles) character file.

Game seed: 11066764487562796602

165252 MacCMillion the Convoker (level 17, -20/119 HPs)
             Began as a Merfolk Ice Elementalist on Jan 18, 2022.
             Was the Champion of Hepliaklqana.
             Demolished by a boulder beetle (26 damage)
             ... on level 3 of the Spider Nest on Jan 19, 2022.
             The game lasted 03:42:23 (47887 turns).

MacCMillion the Convoker (MfIE)                    Turns: 47887, Time: 03:42:24

Health: -20/119    AC: 15    Str:  9    XL:     17   Next: 87%
Magic:  29/29      EV: 19    Int: 30    God:    Hepliaklqana [******]
Gold:   4153       SH:  6    Dex: 22    Spells: 4/32 levels left

rFire   + . .      SeeInvis +   s - +7 spear of the Blessed Realm {vorpal, Fly rF- Dex+2 SInv}
rCold   + + .      Faith    .   o - +0 buckler
rNeg    . . .      Spirit   .   c - +5 ring mail of Supple Strength {rPois Int+4 Dex+4 Stlth+}
rPois   +          Reflect  .   S - +2 helmet
rElec   .          Harm     .   l - scarf {rC+ rF+}
rCorr   .          Rampage  .   i - +0 pair of gloves
Will    +....                   K - +0 pair of boots
Stlth   +++.......              N - amulet "Silynoaj" {RegenMP rF+}
HPRegen 0.29/turn               h - ring of protection from cold
MPRegen 0.61/turn               k - +6 ring of intelligence

@: flying, slowed, studying Axes, very slow
A: reduced essence, (nimble swimmer 2), mertail
a: Renounce Religion, Recall Ancestor, Ancestor Identity, Transference, Idealise


You were on level 3 of the Spider Nest.
You worshipped Hepliaklqana.
Hepliaklqana was exalted by your worship.
You visited 6 branches of the dungeon, and saw 29 of its levels.
You also visited: Sewer, Gauntlet, Ice Cave and Volcano.

You collected 5331 gold pieces.
You spent 1178 gold pieces at shops.

Inventory:

Hand Weapons
 a - a +3 scimitar of flaming
 s - the +7 spear of the Blessed Realm (weapon) {vorpal, Fly rF- Dex+2 SInv}
   (You found it on level 1 of the Spider Nest)

   It inflicts extra damage upon your enemies.
   Dex:       It affects your dexterity (+2).
   rF:        It makes you vulnerable to fire.
   SInv:      It lets you see invisible.
   Fly:       It grants you flight.
Armour
 c - the +5 ring mail of Supple Strength (worn) {rPois Int+4 Dex+4 Stlth+}
   (You found it on level 2 of the Lair of Beasts)

   Int:       It affects your intelligence (+4).
   Dex:       It affects your dexterity (+4).
   rPois:     It protects you from poison.
   Stlth:     It makes you more stealthy.
 i - a +0 pair of gloves (worn)
 l - a scarf of resistance (worn)
 o - a +0 buckler (worn)
 q - the +0 cloak of Cheibriados's Hatred {rN+ rCorr}
   (You bought it in a shop on level 2 of the Orcish Mines)

   rN:        It protects you from negative energy.
   rCorr:     It protects you from acid and corrosion.
 y - a +0 troll leather armour
 K - a +0 pair of boots (worn)
 S - a +2 helmet (worn)
Magical Staves
 d - a staff of cold
Jewellery
 h - a ring of protection from cold (left hand)
 k - a +6 ring of intelligence (right hand)
 x - a +4 ring of protection
 M - a ring of magical power
 N - the amulet "Silynoaj" (around neck) {RegenMP rF+}
   (You found it on level 1 of the Lair of Beasts)

   [amulet of magic regeneration]

   It increases your rate of magic regeneration.
   rF:        It protects you from fire.
 T - a +6 ring of strength
 V - a ring of willpower
 Y - a ring of ice
Wands
 r - a wand of iceblast (21)
 v - a wand of digging (10)
 H - a wand of paralysis (36)
 Q - a wand of acid (5)
 R - a wand of flame (58)
 U - a wand of mindburst (12)
 X - a wand of charming (4)
Scrolls
 b - 4 scrolls of magic mapping
 g - 5 scrolls of fog
 n - 3 scrolls of teleportation
 w - 3 scrolls of enchant weapon
 B - 3 scrolls of summoning
 C - 9 scrolls of immolation
 D - 3 scrolls of fear
 F - a scroll of blinking
 G - 4 scrolls of amnesia
 P - 3 scrolls of vulnerability
 W - a scroll of silence
 Z - 2 scrolls of brand weapon
Potions
 e - a potion of ambrosia
 f - 3 potions of invisibility
 j - 6 potions of flight
 m - 7 potions of curing
 p - a potion of haste
 t - a potion of mutation
 u - 3 potions of berserk rage
 z - a potion of brilliance
 A - 6 potions of might
 E - 3 potions of resistance
 I - 2 potions of lignification
 L - a potion of cancellation {unknown}
Miscellaneous
 J - a lightning rod (4/4)


   Skills:
 - Level 12.1 Fighting
 - Level 3.5(5.8) Short Blades
 - Level 6.6(7.0) Long Blades
 + Level 8.3(9.0) Polearms
 - Level 2.7(4.1) Staves
 - Level 15.1 Dodging
 - Level 2.2 Stealth
 - Level 4.0 Shields
 - Level 8.3 Spellcasting
 - Level 6.0 Conjurations
 + Level 16.6 Summonings
 - Level 5.0 Translocations
 - Level 14.3 Ice Magic
 - Level 10.0 Invocations
 - Level 3.0 Evocations


You had 4 spell levels left.
You knew the following spells:

 Your Spells              Type           Power      Damage    Failure   Level
a - Summon Cactus Giant   Summ           42%        N/A       2%          6
b - Frozen Ramparts       Ice            100%       1d12      1%          3
c - Ozocubu's Armour      Ice            78%        N/A       1%          3
d - Hailstorm             Conj/Ice       65%        3d14      2%          4
e - Summon Forest         Summ/Tloc      33%        N/A       4%          5
f - Summon Hydra          Summ           42%        N/A       14%         7

Your spell library contained the following spells:

 Spells                   Type           Power      Damage    Failure   Level
 Summon Small Mammal      Summ           100%       N/A       0%          1
 Apportation              Tloc           84%        N/A       1%          1
 Freeze                   Ice            100%       1d11      1%          1
 Magic Dart               Conj           100%       1d8       1%          1
 Call Imp                 Summ           84%        N/A       1%          2
 Searing Ray              Conj           96%        2d7       1%          2
 Summon Guardian Golem    Hex/Summ       58%        N/A       1%          3
 Summon Ice Beast         Ice/Summ       81%        N/A       1%          4
 Foxfire                  Conj/Fire      100%       2x1d9     4%          1
 Shock                    Conj/Air       100%       1d9       4%          1
 Ice Form                 Ice/Tmut       53%        N/A       8%          4
 Conjure Flame            Conj/Fire      30%        6-21      13%         3
 Animate Skeleton         Necr           24%        N/A       16%         1
 Sting                    Tmut/Pois      48%        1d5       16%         1
 Mephitic Cloud           Conj/Pois/Air  24%        N/A       21%         3
 Poisonous Vapours        Pois/Air       24%        N/A       22%         2
 Inner Flame              Hex/Fire       12%        N/A       41%         3
 Swiftness                Air            12%        N/A       41%         3
 Flame Wave               Conj/Fire      30%        2d7       41%         4
 Fulminant Prism          Conj/Hex       15%        3d11      41%         4
 Airstrike                Air            6%         N/A       83%         4
 Cause Fear               Hex            6%         N/A       83%         4
 Olgreb's Toxic Radiance  Pois           12%        N/A       83%         4
 Summon Mana Viper        Hex/Summ       58%        N/A       14%         5
 Ozocubu's Refrigeration  Ice            39%        4d12      34%         7
 Fireball                 Conj/Fire      15%        3d8       77%         5
 Eringya's Noxious Bog    Tmut/Pois      6%         N/A       100%        6
 Starburst                Conj/Fire      15%        6d6       100%        6
 Dragon Form              Tmut           6%         N/A       100%        7
 Ignition                 Fire           6%         3d4       100%        8
 Necromutation            Tmut/Necr      6%         N/A       100%        8
 Dragon's Call            Summ           42%        N/A       100%        9


Dungeon Overview and Level Annotations

Branches:
Dungeon (15/15)            Temple (1/1) D:5            Lair (6/6) D:9
  Swamp (2/4) Lair:3       Spider (3/4) Lair:2        Slime (0/5) Lair:5
    Orc (2/2) D:11            Elf (0/3) Orc:2        Vaults (0/5) D:14
 Depths (0/4) D:15          Sewer (visited)           IceCv (visited)
Volcano (visited)         Gauntlet (visited)

Altars:
Ashenzari
Cheibriados
Dithmenos
Elyvilon
Fedhas
Gozag
Hepliaklqana
Kikubaaqudgha
Makhleb
Nemelex Xobeh
Okawaru
Qazlal
Ru
Sif Muna
Trog
Uskayaw
Vehumet
Wu Jian
Xom
Yredelemnul
Zin
The Shining One

Shops:
D:3 *   D:7 (   Orc:2 *([:

Annotations:
D:14 1 runed translucent door, Viuvacup's ghost, journeyman GrFi
D:15 2 transporters, Soot's ghost, journeyman MfSu
Lair:4 Rupert
Spider:1 1 runed translucent door, fritzmikael's ghost, journeyman GnCj
Orc:2 3 runed translucent doors, Stonecrops's ghost, journeyman DsGl


Innate Abilities, Weirdness & Mutations

Your life essence is reduced to manifest your ancestor. (-10% HP)
((You are very nimble when in or above water. (Stealth+, EV+, Speed+++)))
Your lower body shifts to a powerful aquatic tail in water.


Message History

Akiya is no longer moving slowly.
Something pounces on Akiya!
Something completely misses Akiya.
The boulder beetle bites you!!
* * * LOW HITPOINT WARNING * * *
The jumping spider leaps!
The boulder beetle bites Akiya!
The boulder beetle barely misses you.
Select a target.
Press: ? - help, Dir - move target, f - jumping spider
Aim: a jumping spider A stone staircase leading up, spattered with blood.
The jumping spider swaps with Akiya!
Being near the torpor snail leaves you feeling lethargic.
The jumping spider leaps!
The boulder beetle bites you but does no damage.
Unknown command.
Unknown command.
Unknown command.
You swap places.
You feel yourself speed up.
Your cactus giant disappears in a puff of smoke!
The jumping spider barely misses Akiya.
Akiya blocks the jumping spider's attack.
The jumping spider completely misses you.
The jumping spider bites you but does no damage.
Akiya hits the jumping spider with a +0 broad axe of flaming!
Akiya burns the jumping spider.
Akiya hits the boulder beetle with a +0 broad axe of flaming.
Akiya burns the boulder beetle.
The boulder beetle curls into a ball and begins rolling!
Akiya blocks the jumping spider's attack.
The jumping spider misses Akiya.
The jumping spider pounces on you!
* * * LOW HITPOINT WARNING * * *
The jumping spider bites you but does no damage.
Akiya barely misses the jumping spider.
Akiya hits the boulder beetle with a +0 broad axe of flaming.
Akiya burns the boulder beetle.
The jumping spider leaps! x2
Being near the torpor snail leaves you feeling lethargic.
The boulder beetle hits you!!
You die...

....#.. .#s# .
#.#...#..*#. #w
#.#.#...# .## .#
..w##..#$...##.. .##..
s..#..##.>^..###....#
#..#†###..#§...#.#
#..#..†.○##B..#.#..#
#...#.#.##†.R○°#......
##.....#†^.@B#...#.#.
..##..##†###.s..## #
##........#.#w..#
.....###.>##°#.....
...##.. #... .. #.#.
..#. #. #.^#s.#w # .
..#..#... ..#.. .# ..
.#. .## . w#.


You could see the friendly Akiya the knight (slow), 2 boulder beetles, a torpor
snail and 2 jumping spiders.

Vanquished Creatures
  Frances (Swamp:1)
  A storm dragon (D:13)
  An emperor scorpion (Spider:3)
  2 orc warlords (Orc:2)
  A stone giant (Volcano)
  A dire elephant (Lair:6)
  An eleionoma (Swamp:2)
  A minotaur (Gauntlet)
  A yaktaur captain (D:13)
  2 vault guards (D:14)
  4 hydras (Lair:6)
  A boulder beetle (shapeshifter) (D:10)
  3 boulder beetles
  A catoblepas (Lair:6)
  A two-headed ogre (D:10)
  2 death yaks (Lair:6)
  An orc high priest (Orc:2)
  A spriggan (Swamp:1)
  A fire crab (shapeshifter) (D:14)
  A pharaoh ant (Spider:3)
  A skeletal warrior (D:15)
  A goliath frog (Swamp:2)
  4 orb spiders
  3 wizards (D:15)
  2 bog bodies
  3 orc knights
  5 wolf spiders
  5 orc sorcerers
  3 ugly things
  2 deep elf pyromancers
  3 cyclopes
  4 slime creatures (D:15)
  22 elephants
  A rust devil (Gauntlet)
  2 molten gargoyles (Volcano)
  2 black mambas
  A torpor snail (Lair:6)
  Maggie (D:6)
  7 cane toads
  2 gargoyles
  A rime drake (Lair:6)
  An unseen horror (D:11)
  2 efreet
  An ice devil (Lair:1)
  A demonic crawler (Spider:3)
  5 komodo dragons
  A meliai (shapeshifter) (D:13)
  3 trolls (Orc:2)
  4 meliai
  A wolf spider simulacrum (D:15)
  8 tarantellas
  22 blink frogs
  3 hornets
  3 dream sheep (Lair:6)
  Prince Ribbit (D:5)
  Grinder (D:3)
  9 jumping spiders
  Sigmund (D:2)
  A ynoxinul (Gauntlet)
  5 culicivoras (Spider:2)
  A wyvern (D:10)
  2 shadows
  15 yaks
  A water elemental (D:11)
  A wraith (D:10)
  Eustachio (D:5)
  A fire elemental (Volcano)
  A basilisk (Lair:1)
  2 fire bats (Volcano)
  A human (D:14)
  10 redbacks
  6 vampire mosquitoes
  A death yak simulacrum (IceCv)
  9 water moccasins
  Menkaure (D:4)
  A swamp worm (Swamp:1)
  4 wargs
  Duvessa (D:4)
  A nameless horror (Spider:3)
  25 orc warriors
  A sky beast (D:5)
  6 centaurs
  4 ogres
  19 wolves
  5 bullfrogs
  A scorpion (D:6)
  A gnoll sergeant (D:10)
  A two-headed ogre simulacrum (IceCv)
  8 killer bees
  An elephant simulacrum (IceCv)
  3 electric eels
  3 howler monkeys
  A bullfrog zombie (D:6)
  5 centaur zombies
  9 lava snakes (Volcano)
  3 crimson imps (Gauntlet)
  16 orc priests
  A gnoll shaman (D:6)
  5 jellies
  4 hounds
  An iron imp (Gauntlet)
  2 iguanas
  Ijyb (D:4)
  Natasha (thrice) (D:2)
  10 orc wizards
  A spriggan simulacrum (IceCv)
  A hound skeleton (D:4)
  A mummy (D:15)
  9 adders
  6 gnolls
  4 shadow imps (D:3)
  A white imp (IceCv)
  An ufetubus (IceCv)
  A worm (D:10)
  56 orcs
  14 endoplasms
  13 giant cockroaches
  5 hobgoblins
  4 jackals (D:4)
  10 quokkas
  8 ball pythons
  5 bats
  7 frilled lizards (Sewer)
  5 goblins
  8 kobolds
  3 rats (D:1)
  A butterfly (Lair:5)
539 creatures vanquished.

Vanquished Creatures (collateral kills)
  Kirke (Spider:1)
  2 ghost moths (Spider:1)
  4 orc warlords (Orc:2)
  A fenstrider witch (Swamp:1)
  2 broodmothers
  An entropy weaver (Spider:1)
  A bunyip (Swamp:1)
  A shambling mangrove (Swamp:1)
  A yaktaur captain (D:15)
  2 hydras
  The ghost of Ymeid the Basher, a journeyman GrFi of Qazlal (Lair:1)
  2 vault guards (D:14)
  4 boulder beetles
  2 centaur warriors
  3 death yaks (Lair:6)
  2 two-headed ogres
  A deep troll shaman (Lair:6)
  2 alligators (Swamp:1)
  2 tengu warriors (D:9)
  3 orc high priests (Orc:2)
  A deep elf knight (D:14)
  A sun moth (Spider:1)
  3 pharaoh ants
  A goliath frog (Swamp:1)
  6 orb spiders
  3 steelbarb worms
  2 bog bodies
  A harpy (shapeshifter) (D:15)
  A deep elf zephyrmancer (D:13)
  A necromancer (D:15)
  2 wizards
  9 ugly things
  A deep elf pyromancer (D:15)
  2 orc knights (Orc:2)
  A wolf spider zombie (D:15)
  2 orc sorcerers
  4 cyclopes
  8 wolf spiders
  3 moths of wrath
  A will-o-the-wisp (Swamp:1)
  4 manticores
  9 elephants
  A black mamba (Lair:6)
  A smoke demon (Gauntlet)
  4 torpor snails
  A gargoyle (D:14)
  4 cane toads
  A cane toad (shapeshifter) (D:13)
  A freezing wraith (D:13)
  3 komodo dragons
  3 demonic crawlers (Spider:1)
  A tengu conjurer (D:10)
  A rime drake (Lair:6)
  A red devil (Gauntlet)
  4 trolls
  An ice devil (Lair:1)
  3 meliai
  A wolf spider simulacrum (D:15)
  2 hornets
  3 tyrant leeches (Swamp:1)
  A nameless horror (Spider:1)
  13 tarantellas
  A dream sheep (Lair:6)
  A slime creature (D:15)
  10 blink frogs
  11 jumping spiders
  A spriggan (Swamp:1)
  A wraith (D:11)
  10 culicivoras
  3 basilisks
  2 shadows
  17 yaks
  A hog (shapeshifter) (D:10)
  12 vampire mosquitoes
  A steam dragon (D:9)
  A wyvern (D:9)
  2 hogs (Spider:1)
  20 redbacks
  10 wargs
  An acid dragon (shapeshifter) (D:12)
  2 swamp worms (Swamp:1)
  5 water moccasins
  38 orc warriors
  2 black bears
  11 ogres
  12 wolves
  4 centaurs
  2 kobold brigands (D:10)
  2 bullfrogs
  A cane toad simulacrum (IceCv)
  2 earth elementals (Volcano)
  Dowan (D:4)
  4 wights (D:6)
  2 killer bees (D:8)
  A howler monkey (D:11)
  10 jellies (Lair:5)
  5 centaur zombies
  13 orc priests
  3 iron imps (Gauntlet)
  An iguana (D:7)
  15 orc wizards
  A polar bear simulacrum (IceCv)
  A wolf simulacrum (IceCv)
  An ufetubus (D:6)
  33 orcs
  An endoplasm (Lair:5)
  6 kobolds (D:10)
438 creatures vanquished.

Vanquished Creatures (others)
  A bloated husk (Swamp:1)
  A yak (D:9)
  A human (Spider:1)
  A nameless horror (Swamp:1)
  An ogre (Orc:2)
  32 knights
  2 ancestors (D:6)
  6 foxfires (Swamp:1)
  65 fungi
  76 plants
  7 withered plants (D:15)
193 creatures vanquished.

Grand Total: 1170 creatures vanquished

Notes
Turn   | Place    | Note
-------+----------+-------------------------------------------
     0 | D:1      | MacCMillion the Merfolk Ice Elementalist began the quest
                  | for the Orb.
     0 | D:1      | Reached XP level 1. HP: 13/13 MP: 3/3
   533 | D:1      | Reached XP level 2. HP: 18/19 MP: 5/5
   684 | D:1      | Reached skill level 5 in Ice Magic
  1646 | D:2      | Noticed Natasha
  1654 | D:2      | Killed Natasha
  1655 | D:2      | Reached XP level 3. HP: 7/24 MP: 1/6
  2420 | D:2      | Noticed Natasha
  2425 | D:2      | Killed Natasha
  2426 | D:2      | Reached XP level 4. HP: 20/30 MP: 2/7
  2539 | D:2      | Learned a level 3 spell: Frozen Ramparts
  2543 | D:2      | Learned a level 3 spell: Ozocubu's Armour
  2661 | D:2      | Found a faded altar of an unknown god.
  2776 | D:2      | Noticed Natasha
  2905 | D:2      | Killed Natasha
  3105 | D:2      | Noticed Sigmund
  3117 | D:2      | Killed Sigmund
  3118 | D:2      | Reached XP level 5. HP: 25/35 MP: 0/10
  3118 | D:2      | Reached XP level 6. HP: 29/41 MP: 0/11
  3584 | D:3      | Noticed Grinder
  3584 | D:3      | Paralysed by Grinder for 2 turns
  3828 | D:3      | Found a transporter.
  3835 | D:3      | Found a transporter.
  3977 | D:3      | Found Iklebroc's General Store.
  3983 | D:3      | Bought a scroll of identify for 24 gold pieces
  3985 | D:3      | Bought 2 potions of curing for 72 gold pieces
  4095 | D:3      | Reached skill level 1 in Fighting
  4331 | D:4      | Noticed Ijyb
  4337 | D:4      | Killed Ijyb
  4493 | D:4      | Noticed Menkaure
  5026 | D:4      | Noticed Duvessa
  5026 | D:4      | Noticed Dowan
  5195 | D:5      | Entered Level 5 of the Dungeon
  5510 | D:5      | Reached XP level 7. HP: 24/52 MP: 7/13
  5940 | D:5      | Noticed Eustachio
  5950 | D:5      | Killed Eustachio
  6128 | D:5      | Found a staircase to the Ecumenical Temple.
  6131 | D:5      | Reached skill level 5 in Dodging
  6139 | Temple   | Entered the Ecumenical Temple
  6902 | Temple   | Became a worshipper of Hepliaklqana the Forgotten
  7028 | D:5      | Noticed Prince Ribbit
  7038 | D:5      | Killed Prince Ribbit
  7039 | D:5      | Reached skill level 5 in Fighting
  7039 | D:5      | Reached skill level 1 in Conjurations
  7039 | D:5      | Reached XP level 8. HP: 21/62 MP: 6/14
  7726 | D:6      | Found a glowing drain.
  7740 | Sewer    | Entered a sewer
  7882 | Sewer    | Learned a level 4 spell: Hailstorm
  8966 | D:6      | Reached XP level 9. HP: 69/69 MP: 6/15
  9121 | D:6      | Noticed Maggie
  9130 | D:6      | Reached * piety under Hepliaklqana
  9140 | D:6      | Killed Maggie
  9628 | D:7      | Found Idaciny's Antique Weapon Emporium.
 10744 | D:8      | Reached skill level 1 in Shields
 10798 | D:8      | Reached ** piety under Hepliaklqana
 10799 | D:8      | Remembered your ancestor Akiya as a knight
 11707 | D:9      | Reached XP level 10. HP: 61/71 MP: 10/16
 11863 | D:9      | Found a staircase to the Lair.
 11865 | D:9      | Noticed an elephant
 11891 | D:9      | Reached skill level 5 in Conjurations
 12357 | D:9      | Noticed a tengu warrior
 12422 | D:9      | Noticed a tengu warrior
 12429 | D:9      | Killed a tengu warrior
 12430 | D:9      | Reached skill level 10 in Ice Magic
 12491 | D:9      | Killed an elephant
 13154 | D:9      | Killed a tengu warrior
 13506 | D:9      | Reached *** piety under Hepliaklqana
 13677 | D:10     | Entered Level 10 of the Dungeon
 13701 | D:10     | Reached XP level 11. HP: 75/75 MP: 13/17
 13747 | D:10     | Noticed a two-headed ogre
 13806 | D:10     | Found a snail-covered altar of Cheibriados.
 14461 | D:10     | Noticed a boulder beetle
 14461 | D:10     | Noticed a boulder beetle
 14676 | Lair:1   | Entered Level 1 of the Lair of Beasts
 14826 | Lair:1   | Found a runed translucent door.
 14828 | Lair:1   | Noticed Ymeid's ghost (journeyman GrFi)
 14876 | Lair:1   | Found a frozen archway.
 14900 | Lair:1   | Reached skill level 1 in Short Blades
 14966 | IceCv    | Entered an ice cave
 14989 | IceCv    | Reached skill level 1 in Long Blades
 15923 | Lair:1   | Reached skill level 5 in Spellcasting
 15984 | Lair:1   | Reached skill level 1 in Evocations
 16261 | Lair:1   | Reached **** piety under Hepliaklqana
 16717 | Lair:2   | Learned a level 5 spell: Summon Forest
 16717 | Lair:2   | Identified a scroll of acquirement
 16893 | Lair:2   | Reached skill level 1 in Summonings
 17011 | Lair:2   | Reached XP level 12. HP: 84/84 MP: 16/20
 17198 | Lair:2   | Reached skill level 2 in Summonings
 17253 | Lair:2   | Identified the +5 ring mail of Supple Strength {rPois Int+4
                  | Dex+4 Stlth+}
 17313 | Lair:2   | Reached skill level 10 in Dodging
 17496 | Lair:2   | Found a hole to the Spider Nest.
 17510 | Lair:2   | Reached skill level 3 in Summonings
 17913 | Spider:1 | Entered Level 1 of the Spider Nest
 17996 | Lair:3   | Noticed an eight-headed hydra
 18166 | Lair:3   | Found a staircase to the Swamp.
 18249 | Lair:3   | Killed an eight-headed hydra
 18368 | Lair:3   | Reached skill level 4 in Summonings
 18781 | Lair:3   | Reached skill level 10 in Fighting
 18863 | Lair:3   | Got the Compendium of Creative Changing
 18969 | Lair:3   | Reached ***** piety under Hepliaklqana
 19573 | Lair:4   | Found a dark tunnel.
 19583 | Volcano  | Entered a volcano
 19611 | Volcano  | Reached skill level 5 in Summonings
 20161 | Volcano  | Found a bloodstained altar of Trog.
 20256 | Volcano  | Noticed a stone giant
 20268 | Volcano  | Killed a stone giant
 20269 | Volcano  | Reached skill level 6 in Summonings
 20525 | Volcano  | Reached XP level 13. HP: 92/92 MP: 10/22
 20707 | Volcano  | Reached skill level 7 in Summonings
 20914 | Lair:4   | Found a glowing golden altar of the Shining One.
 20923 | Lair:4   | Noticed Rupert
 21144 | Lair:4   | Upgraded the game from 0.28-a0-1545-g945cd3f27e to
                  | 0.28-a0-1560-g060a6a1bfc
 21223 | Lair:4   | Paralysed by Rupert for 6 turns
 21500 | Lair:4   | Paralysed by Rupert for 7 turns
 21950 | Lair:5   | Reached skill level 8 in Summonings
 22101 | Lair:5   | Reached skill level 9 in Summonings
 22574 | Lair:5   | Reached skill level 10 in Summonings
 22810 | Lair:5   | Reached skill level 1 in Translocations
 22975 | Lair:5   | Found a staircase to the Slime Pits.
 23291 | Lair:6   | Entered Level 6 of the Lair of Beasts
 23605 | Lair:6   | Found a gate leading to a gauntlet.
 23630 | Gauntlet | Entered a Gauntlet
 23630 | Gauntlet | Found a large runed translucent door.
 23630 | Gauntlet | Found a large runed translucent door.
 23630 | Gauntlet | Found a large runed translucent door.
 23630 | Gauntlet | Found a large runed translucent door.
 23630 | Gauntlet | Found a large runed translucent door.
 23630 | Gauntlet | Found a large runed translucent door.
 23630 | Gauntlet | Found a large runed translucent door.
 23630 | Gauntlet | Found a large runed translucent door.
 23630 | Gauntlet | Found a runed translucent door.
 23630 | Gauntlet | Found a runed translucent gate.
 23630 | Gauntlet | Found a transporter.
 23630 | Gauntlet | Found a transporter.
 23630 | Gauntlet | Found a runed translucent gate.
 23630 | Gauntlet | Found a transporter.
 23647 | Gauntlet | Found a transporter.
 23648 | Gauntlet | Found a runed translucent gate.
 23648 | Gauntlet | Found a runed translucent door.
 23652 | Gauntlet | Found a large runed translucent door.
 23652 | Gauntlet | Found a large runed translucent door.
 23663 | Gauntlet | Found a transporter.
 23663 | Gauntlet | Found a transporter.
 23672 | Gauntlet | Found a transporter.
 23678 | Gauntlet | Found a transporter.
 23696 | Gauntlet | Found a transporter.
 23704 | Gauntlet | Found a transporter.
 23722 | Gauntlet | Found a transporter.
 23746 | Gauntlet | Found a large runed translucent door.
 23746 | Gauntlet | Found a large runed translucent door.
 23747 | Gauntlet | Found a large runed translucent door.
 23747 | Gauntlet | Found a large runed translucent door.
 23748 | Gauntlet | Found a large runed translucent door.
 23748 | Gauntlet | Found a large runed translucent door.
 23805 | Gauntlet | Found a transporter.
 23878 | Gauntlet | Learned a level 7 spell: Summon Hydra
 24351 | Gauntlet | Acquired 1014 gold pieces
 24374 | Gauntlet | Noticed a minotaur
 24379 | Gauntlet | Killed a minotaur
 24768 | Lair:6   | Reached XP level 14. HP: 99/99 MP: 11/23
 25236 | Lair:6   | Reached skill level 1 in Staves
 25244 | Lair:6   | Reached skill level 11 in Summonings
 26201 | Lair:6   | Reached ****** piety under Hepliaklqana
 26766 | Lair:6   | Noticed a dire elephant
 26775 | Lair:6   | Killed a dire elephant
 27964 | D:10     | Acquired 1039 gold pieces
 29105 | D:3      | Killed Grinder
 29263 | D:3      | Bought a wand of paralysis (6) for 96 gold pieces
 29263 | D:3      | Bought a ring of willpower for 300 gold pieces
 29449 | D:11     | You fall into a shaft and drop 3 floors!
 30119 | D:12     | Reached XP level 15. HP: 108/108 MP: 16/25
 30127 | D:12     | Learned a level 6 spell: Summon Cactus Giant
 30921 | D:11     | Found an iron altar of Okawaru.
 30981 | D:11     | Reached skill level 5 in Translocations
 31510 | D:11     | Found a staircase to the Orcish Mines.
 31553 | Orc:1    | Entered Level 1 of the Orcish Mines
 31590 | Orc:1    | Reached skill level 12 in Summonings
 31801 | Orc:1    | Found a shimmering altar of Xom.
 31984 | Orc:2    | Entered Level 2 of the Orcish Mines
 32188 | Orc:2    | Noticed an orc warlord
 32199 | Orc:2    | Killed an orc warlord
 32459 | Orc:2    | Noticed an orc warlord
 32628 | Orc:2    | Found Hockyjes's General Store.
 32636 | Orc:2    | Noticed an orc warlord
 32647 | Orc:2    | Killed an orc warlord
 33168 | Orc:2    | Found Umnilim's Antique Weapon Shop.
 33171 | Orc:2    | Reached skill level 13 in Summonings
 33262 | Orc:2    | Bought a scroll of enchant armour for 135 gold pieces
 33307 | Orc:2    | Found Bijioj's Antique Armour Boutique.
 33350 | Orc:2    | Killed an orc warlord
 33486 | Orc:2    | Noticed an orc warlord
 33504 | Orc:2    | Killed an orc warlord
 33686 | Orc:2    | Found Kaeffuphu's Book Shop.
 34069 | Orc:2    | Found a staircase to the Elven Halls.
 34306 | Orc:2    | Found a runed translucent gate.
 34308 | Orc:2    | Noticed an orc warlord
 34351 | Orc:2    | Killed an orc warlord
 34458 | Orc:2    | Found a runed translucent gate.
 34458 | Orc:2    | Found a runed translucent gate.
 34458 | Orc:2    | Found an iron altar of Okawaru.
 34458 | Orc:2    | Noticed Stonecrops's ghost (journeyman DsGl)
 34718 | Orc:2    | Bought a warped cloak for 237 gold pieces
 34718 | Orc:2    | Identified the +0 cloak of Cheibriados's Hatred {rN+ rCorr}
                  | (You bought it in a shop on level 2 of the Orcish Mines)
 34730 | Orc:2    | Bought a bloodstained long sword for 314 gold pieces
 34730 | Orc:2    | Identified the +6 long sword of Propriety {antimagic, rC++
                  | Str-2} (You bought it in a shop on level 2 of the Orcish
                  | Mines)
 34895 | Orc:1    | Noticed an orc warlord
 34999 | Orc:2    | Killed an orc warlord
 35680 | D:4      | Killed Menkaure
 35727 | D:4      | Killed Dowan
 35742 | D:4      | Killed Duvessa
 36756 | D:13     | Noticed a storm dragon
 36772 | D:13     | Reached XP level 16. HP: 60/114 MP: 4/28
 36772 | D:13     | Killed a storm dragon
 36845 | D:13     | Reached skill level 14 in Summonings
 37446 | D:13     | Reached skill level 5 in Long Blades
 37602 | D:13     | Identified the +1 halberd of Inference {vorpal, *Noise
                  | rPois Dex+4}
 37847 | D:14     | Found a runed translucent door.
 37863 | D:14     | Noticed Viuvacup's ghost (journeyman GrFi)
 38053 | D:14     | Found an ancient bone altar of Kikubaaqudgha.
 38743 | D:14     | Found a gate to the Vaults.
 39095 | D:15     | Entered Level 15 of the Dungeon
 39105 | D:15     | Reached skill level 15 in Dodging
 39298 | Lair:1   | Killed Ymeid's ghost
 39305 | Lair:1   | Identified the amulet "Silynoaj" {RegenMP rF+}
 39962 | D:15     | Reached skill level 1 in Invocations
 40340 | D:15     | Found a transporter.
 40359 | D:15     | Found a transporter.
 40368 | D:15     | Noticed Soot's ghost (journeyman MfSu)
 40528 | D:15     | Reached skill level 5 in Invocations
 40546 | D:15     | Found a staircase to the Depths.
 40881 | Swamp:1  | Entered Level 1 of the Swamp
 40927 | Swamp:1  | Noticed Frances
 40933 | Swamp:1  | You fall into a shaft and drop 1 floor!
 41435 | Swamp:1  | Noticed a fenstrider witch
 41597 | Swamp:1  | Killed a fenstrider witch
 41795 | Swamp:1  | Killed Frances
 41796 | Swamp:1  | Reached XP level 17. HP: 119/119 MP: 10/29
 42216 | Spider:1 | Noticed Kirke
 42231 | Spider:1 | Killed Kirke
 42478 | Spider:1 | Found a runed translucent door.
 42478 | Spider:1 | Found a shimmering altar of Xom.
 42478 | Spider:1 | Noticed fritzmikael's ghost (journeyman GnCj)
 42675 | Spider:1 | Reached skill level 10 in Invocations
 42765 | Spider:1 | Reached skill level 15 in Summonings
 44286 | Spider:1 | Identified the +7 spear of the Blessed Realm {vorpal, Fly
                  | rF- Dex+2 SInv}
 44325 | Spider:1 | Reached skill level 1 in Polearms
 45888 | Spider:2 | Reached skill level 5 in Polearms
 45888 | Spider:2 | Reached skill level 16 in Summonings
 47886 | Spider:3 | HP: 5/119 [jumping spider[a torpor snail] (10)]
 47887 | Spider:3 | Demolished by a boulder beetle

Illustrated notes

Levels and vault maps discovered:
D:1:      onia_arrival_pentagram, layout_basic, serial_bayou_pond_c
D:2:      layout_rooms, chequers_ecumenical_altar_simple_redux, uniq_natasha,
          uniq_sigmund
D:3:      gammafunk_wand_slinger, layout_loops_ring, serial_shops, shop,
          uniq_grinder
D:4:      layout_basic, corexii_shack, uniq_duvessa, uniq_menkaure, uniq_ijyb
D:5:      layout_cave_pools, minmay_temple_entry_waves, serial_bayou_crossing,
          uniq_prince_ribbit1, uniq_eustachio
D:6:      layout_loops_ring, cheibrodos_sewer_entry_sluice, uniq_maggie
D:7:      layout_loops_corners, serial_shops, nicolae_shop_stone
D:8:      layout_basic
D:9:      layout_basic, david_lair_generic
D:10:     minmay_the_grid_net [minmay_the_grid_small_cups,
          minmay_the_grid_diamond_grid, minmay_the_grid_expand,
          minmay_the_grid_all_tris, minmay_the_grid_broken_lines,
          minmay_the_grid_prize_inner_circle], layout_grid_maze,
          cheibrodos_worm_habitat
D:11:     layout_stronghold, erik_orc_2, okawaru_ov_weapons_minmay
D:12:     layout_roguey [special_room_orc]
D:13:     minmay_bad_star, layout_stronghold, minmay_misc_feat_doors
D:14:     layout_rooms, grunt_vaults_entry_fortified,
          nicolae_kikubaaqudgha_miasma_corner, ebering_ghost_inner_flame,
          chequers_serial_rivers_micro_b, roderic_roman_lattice
D:15:     grunt_enter_depths_magical_seal, layout_rooms,
          gammafunk_ghost_stat_death, ebering_dispersal_statue_hall,
          serial_undead, serial_undead_b, serial_undead_b, serial_undead_b,
          serial_undead_c
Temple:   mainiacjoe_temple_starburst
Lair:1:   beast_lair_carwin_large_1, layout_loops_ring,
          portal_ice_cave_demonic_guard, ebering_ghost_reflecting_pool
Lair:2:   layout_chaotic_city, spider_nest_entry_rubble, lemuel_fruit_tree,
          grunt_megastairs_3
Lair:3:   layout_chaotic_city, skrybe_swamp_entry_bodies, grunt_megastairs_5
Lair:4:   gammafunk_indiana_jones, layout_layer_cave, basic_altar,
          enter_volcano_1, uniq_rupert
Lair:5:   layout_loops_ring, minmay_slime_entry_jelly_boxes,
          lemuel_fruit_fields, grunt_megastairs_1, infiniplex_staircase_pool
Lair:6:   grunt_lair_end_beastmaster, layout_layer_cave, gauntlet_entry_generic
Swamp:1:  layout_basic_swamp, nicolae_swamp_tree_isthmus, swamp_pool4,
          infiniplex_staircase_pool_2, uniq_nikola, uniq_frances
Swamp:2:  layout_basic_swamp, evilmike_swamp_ruin_house_1,
          nicolae_swamp_drake_lake
Spider:1: layout_cave_pods, ebering_ghost_xom, nicolae_spider_not_touching_you,
          uniq_kirke
Spider:2: layout_spider_delve
Spider:3: layout_spider_delve
Orc:1:    layout_caves, basic_altar
Orc:2:    grunt_orc_gardens, layout_diamond_mine, grunt_orc_garden,
          grunt_orc_garden, grunt_orc_garden, grunt_orc_garden,
          gammafunk_ghost_fury_of_okawaru, nicolae_orc_flooded_monolith,
          minmay_orc_treasury

Skill      XL: |  1  2  3  4  5  6  7  8  9 10 11 12 13 14 15 16 17 |
---------------+----------------------------------------------------+-----
Ice Magic      | 5 6 7 8 9 12 14 | 14.3
Spellcasting   | 3 4 5 6 7 8 |  8.3
Fighting       | 3 5 6 7 8 10 11 12 | 12.1
Dodging        | 5 6 8 9 10 11 12 14 15 | 15.1
Conjurations   | 1 3 4 6 |  6.0
Shields        | 2 4 |  4.0
Short Blades   | 3 |  3.5
Long Blades    | 1 4 6 |  6.6
Evocations     | 2 3 |  3.0
Summonings     | 1 6 10 11 13 14 16 | 16.6
Translocations | 3 4 5 |  5.0
Staves         | 2 |  2.7
Invocations    | 8 10 | 10.0
Polearms       | 8 |  8.3
Stealth        | |  2.2

Action                   |  1- 3 |  4- 6 |  7- 9 | 10-12 | 13-15 | 16-18 || total
-------------------------+-------+-------+-------+-------+-------+-------++-------
Melee: Short sword       |    50 |    23 |    97 |       |       |       ||   170
       Unarmed           |     1 |       |       |       |       |       ||     1
       Tailslap          |     2 |       |     7 |       |     2 |     3 ||    14
       Dagger            |       |    68 |    75 |    75 |    68 |       ||   286
       Punch             |       |     1 |     5 |       |       |       ||     6
       Spear             |       |       |     6 |       |       |    92 ||    98
       Falchion          |       |       |       |    29 |   187 |    41 ||   257
       Trident           |       |       |       |       |     7 |       ||     7
       Staff             |       |       |       |       |    34 |       ||    34
       Long sword        |       |       |       |       |    18 |       ||    18
       Scimitar          |       |       |       |       |       |    84 ||    84
 Cast: Freeze            |    28 |    45 |    57 |    25 |    26 |       ||   181
       Frozen Ramparts   |       |     7 |    20 |    49 |   103 |    30 ||   209
       Ozocubu's Armour  |       |     1 |     4 |    13 |     8 |    12 ||    38
       Hailstorm         |       |       |       |    41 |   190 |   101 ||   332
       Summon Cactus Gia |       |       |       |       |    16 |    53 ||    69
       Summon Forest     |       |       |       |       |     2 |     3 ||     5
       Summon Hydra      |       |       |       |       |       |     1 ||     1
Invok: Ancestor Life: Kn |       |       |     1 |       |       |       ||     1
       Recall Ancestor   |       |       |       |     6 |     4 |     8 ||    18
       Transference      |       |       |       |       |     3 |     4 ||     7
       Idealise          |       |       |       |       |       |     2 ||     2
Evoke: Wand              |       |       |       |     2 |     1 |       ||     3
       Lightning rod     |       |       |       |       |     1 |       ||     1
  Use: Scroll            |       |     2 |     3 |     5 |    20 |    14 ||    44
       Potion            |       |       |       |     2 |     8 |     4 ||    14
 Stab: Sleeping          |     1 |     4 |     9 |     2 |       |     2 ||    18
       Distracted        |       |       |     2 |       |     3 |     7 ||    12
Armor: Robe              |    13 |    21 |    29 |       |       |       ||    63
       Acid dragon scale |       |       |    20 |    41 |       |       ||    61
       Ring mail         |       |       |       |    17 |    45 |   114 ||   176
       Troll leather arm |       |       |       |       |    31 |    55 ||    86
Dodge: Dodged            |    32 |    63 |   178 |   112 |   348 |   350 ||  1083
Block: Buckler           |       |       |       |    36 |   108 |   113 ||   257

Table legend: (Time is in decaauts)
 A = Elapsed time spent in this place.
 B = Non-inter-level travel time spent in this place.
 C = Inter-level travel time spent in this place.
 D = Time resting spent in this place.
 E = Time spent auto-exploring this place.
 F = Levels seen in this place.
 G = Mean time per level.
                   A        B        C        D        E       F      G
               +--------+--------+--------+--------+--------+-----+--------+
         Total |  47610 |  44903 |   2707 |  14683 |  20848 |  33 | 1442.7 |
       Dungeon |  22453 |  20721 |   1732 |   5392 |  11403 |  15 | 1496.9 |
        Temple |    815 |    724 |     91 |      0 |    716 |   1 |  815.0 |
          Lair |  10350 |   9796 |    554 |   2741 |   4904 |   6 | 1725.0 |
         Swamp |    947 |    947 |      0 |    491 |    113 |   2 |  473.5 |
   Spider Nest |   5706 |   5609 |     97 |   3226 |   1375 |   3 | 1902.0 |
  Orcish Mines |   3993 |   3761 |    232 |   1521 |   1379 |   2 | 1996.5 |
         Sewer |    586 |    586 |      0 |     85 |    229 |   1 |  586.0 |
      Ice Cave |    727 |    727 |      0 |    640 |      0 |   1 |  727.0 |
       Volcano |   1202 |   1202 |      0 |    536 |    253 |   1 | 1202.0 |
      Gauntlet |    826 |    826 |      0 |     50 |    473 |   1 |  826.0 |
               +--------+--------+--------+--------+--------+-----+--------+

Top non-repeatable levels by time:
Spider:1: 4184 daAuts
  Lair:6: 3049 daAuts
   Orc:2: 2837 daAuts
     D:9: 2230 daAuts
    D:10: 2217 daAuts
     D:1: 2176 daAuts
    D:14: 1645 daAuts
  Lair:2: 1549 daAuts
     D:6: 1527 daAuts
  Lair:5: 1494 daAuts
    D:11: 1479 daAuts
  Lair:3: 1474 daAuts
Spider:2: 1406 daAuts
  Lair:4: 1401 daAuts
  Lair:1: 1381 daAuts
